 Dungeon Crawl Stone Soup version 0.23.2 (webtiles) character file.

Game seed: 10091946616299598994

212 dvd the Shield-Bearer (level 5, -1/28 HPs)
             Began as a Vine Stalker Fighter on Apr 8, 2019.
             Killed by divine providence
             ... invoked by an orc priest
              (10 damage)
             ... on level 3 of the Dungeon.
             The game lasted 00:05:28 (1779 turns).

dvd the Shield-Bearer (Vine Stalker Fighter)        Turns: 1779, Time: 00:05:29

Health: -1/28      AC:  8    Str: 19    XL:     5   Next: 90%
Magic:  0/6        EV:  7    Int:  9    God:
Gold:   118        SH:  9    Dex: 13    Spells: 4/4 levels left

rFire    . . .     SeeInvis .   a - +0 war axe
rCold    . . .     Gourm    .   c - +0 shield
rNeg     . . .     Faith    .   b - +0 scale mail
rPois    .         Spirit   +   l - +0 helmet
rElec    .         Reflect  .   (no cloak)
rCorr    .         Harm     .   (no gloves)
MR       .....                  (no boots)
Stlth    ..........             (no amulet)
HPRegen  0.49/turn              (no ring)
MPRegen  0.10/turn              (no ring)

@: no status effects
A: fangs 2, regeneration 1, magic shield, antimagic bite, no potion heal 3, rot
immunity
a: no special abilities


You were on level 3 of the Dungeon.
You were not hungry.

You visited 1 branch of the dungeon, and saw 3 of its levels.

You collected 118 gold pieces.

Inventory:

Hand Weapons
 a - a +0 war axe (weapon)
 s - a +0 flail
Armour
 b - a +0 scale mail (worn)
 c - a +0 shield (worn)
 l - a +0 helmet (worn)
Scrolls
 e - a scroll of magic mapping {unknown}
 i - 4 scrolls of identify {unknown}
 j - a scroll of enchant armour {unknown}
 m - 2 scrolls of remove curse {unknown}
 q - a scroll of fear {unknown}
 r - a scroll of teleportation {unknown}
Potions
 d - 2 potions of might
 h - 2 potions of mutation {unknown}
 k - a potion of lignification {unknown}
 n - a potion of flight {unknown}
 o - a potion of heal wounds {unknown}
 p - a potion of curing {unknown}
Comestibles
 f - 7 rations
 g - 6 chunks of flesh


   Skills:
 + Level 3.0 Fighting
 + Level 3.0 Axes
 + Level 3.5 Armour
 + Level 0.6 Dodging
 + Level 3.9 Shields


You had 4 spell levels left.
You didn't know any spells.
Your spell library was empty.

Dungeon Overview and Level Annotations

Branches:
Dungeon (3/15)

Altars:


Innate Abilities, Weirdness & Mutations

You have extremely sharp teeth.
Your natural rate of healing is unusually fast.
When hurt, damage is shared between your health and your magic reserves.
Your bite disrupts and absorbs the magic of your enemies.
Potions cannot restore your health.
You are immune to rotting.


Message History

The orc priest mumbles some strange prayers to Beogh against you.
Beogh smites you!
You hear a shout!
You barely miss the orc priest.
You hear a shout!
The orc priest calls down the wrath of Beogh upon you.
Beogh smites you!
The orc priest hits you with a +0 hand axe.
* * * LOW HITPOINT WARNING * * *
You hear a bark!
You slash the orc priest! You bite the orc priest. You drain its power.
You feel invigorated.
The orc priest is almost dead.
You hear a shout!
The orc priest looks encouraged for a moment.
You barely miss the orc priest. Your bite misses the orc priest.
The orc priest is almost dead.
The orc priest calls down the wrath of Beogh upon you.
Beogh smites you!
You die...

o...o. ###o.....
#.+.h.... #.#.....[
#<..... ####
#J...##.# #...
#....[..# #...
#.###############...
#bo@...(........'...
#################...
#... #.†. #... #...
#... #.>. ##..


You could see an orc priest and a bat.

Vanquished Creatures
  2 orc wizards (D:3)
  Natasha (twice) (D:2)
  2 adders
  An ooze (D:3)
  3 worms (D:2)
  3 leopard geckos
  5 orcs (D:3)
  2 ball pythons
  7 bats
  4 giant cockroaches
  5 hobgoblins
  4 jackals
  A quokka (D:2)
  2 frilled lizards
  9 goblins
  7 kobolds
  9 rats
68 creatures vanquished.

Notes
Turn   | Place    | Note
-------+----------+-------------------------------------------
     0 | D:1      | dvd the Vine Stalker Fighter began the quest for the Orb.
     0 | D:1      | Reached XP level 1. HP: 11/11 MP: 2/2
   163 | D:1      | Reached XP level 2. HP: 16/16 MP: 3/3
   665 | D:2      | Reached XP level 3. HP: 19/19 MP: 4/4
   791 | D:2      | Noticed Natasha
   802 | D:2      | Killed Natasha
   815 | D:2      | Gained mutation: Your natural rate of healing is unusually
                  | fast. [Vine Stalker growth]
   815 | D:2      | Reached XP level 4. HP: 3/23 MP: 3/5
   990 | D:2      | Noticed Natasha
  1014 | D:2      | Killed Natasha
  1288 | D:2      | Reached XP level 5. HP: 28/28 MP: 6/6
  1779 | D:3      | Killed from afar by an orc priest

Skill      XL: |  1  2  3  4  5 |
---------------+----------------+-----
Shields        | 3 |  3.9
Axes           | 2 3 |  3.0
Armour         | 3 |  3.5
Fighting       | 3 |  3.0
Dodging        | |  0.6

Action                   |  1- 3 |  4- 6 || total
-------------------------+-------+-------++-------
Melee: War axe           |    84 |   131 ||   215
       Bite              |    24 |    31 ||    55
  Eat: Chunk             |       |     3 ||     3
Armor: Scale mail        |    31 |    57 ||    88
Dodge: Dodged            |    22 |    41 ||    63
Block: Shield            |    46 |    73 ||   119
